 Dungeon Crawl Stone Soup version 0.30-a0-368-g86fb4627a9 (webtiles) character file.

Game seed: 1939900737473452864

4378 tpederso the Fighter (level 10, -3/97 HPs)
             Began as a Hill Orc Fighter on Nov 17, 2022.
             Was an Initiate of Beogh.
             Slain by a komodo dragon (19 damage)
             ... on level 8 of the Dungeon on Nov 19, 2022.
             The game lasted 02:55:29 (10965 turns).

tpederso the Fighter (Hill Orc Fighter)            Turns: 10965, Time: 02:55:29

Health: -3/97      AC: 22    Str: 30    XL:     10   Next: 35%
Magic:  10/10      EV:  8    Int:  8    God:    Beogh [......]
Gold:   507        SH:  0    Dex: 10    Spells: 9/9 levels left

rFire   . . .      SeeInvis .    n - +0 battleaxe
rCold   . . .      Faith    .    (shield currently unavailable)
rNeg    . . .      Spirit   .    T - +0 plate armour
rPois   .          Reflect  .    z - +2 helmet
rElec   .          Harm     .    (no cloak)
rCorr   .          Rampage  .    (no gloves)
Will    .....                    (no boots)
Stlth   ..........               (no amulet)
HPRegen 0.36/turn                A - +6 ring of strength
MPRegen 0.12/turn                W - +4 ring of protection

@: no status effects
A: no striking features
a: Renounce Religion


You were on level 8 of the Dungeon.
You worshipped Beogh.
Beogh was noncommittal.
You visited 3 branches of the dungeon, and saw 10 of its levels.

You collected 507 gold pieces.

Inventory:

Hand Weapons
 a - a +2 war axe
 f - a +4 falchion
 g - a +0 hand axe
 n - a +0 battleaxe (weapon)
 v - a +2 dagger of venom
 x - a +0 longbow
 B - a +2 antimagic dagger
 C - a +2 antimagic spear
 H - a +1 flail of protection
 J - a +0 sling
 P - a +3 mace
 U - a +5 scimitar
Missiles
 D - 14 poisoned darts (quivered)
 V - 6 boomerangs
Armour
 b - a +0 scale mail
 c - a +0 buckler
 i - a +0 leather armour
 j - +0 acid dragon scales
 q - a +1 helmet
 r - a +0 chain mail
 t - a +0 chain mail
 u - a +0 ring mail
 y - a +2 barding
 z - a +2 helmet (worn)
 T - a +0 plate armour (worn)
Jewellery
 A - a +6 ring of strength (left hand)
 F - a ring of magical power
 R - a ring of ice
 S - a ring of see invisible
 W - a +4 ring of protection (right hand)
Wands
 k - a wand of polymorph (1)
 I - a wand of roots (2)
 K - a wand of quicksilver (7)
Scrolls
 d - a scroll of amnesia {unknown}
 m - a scroll of immolation {unknown}
 p - a scroll of poison {unknown}
 s - 4 scrolls of teleportation
 w - a scroll of magic mapping
 E - a scroll of torment {unknown}
 M - 2 scrolls of enchant armour {unknown}
 N - 3 scrolls of vulnerability
 Q - a scroll of fear {unknown}
Potions
 e - a potion of attraction
 h - a potion of berserk rage {unknown}
 l - 2 potions of brilliance
 o - a potion of flight {unknown}
 G - a potion of lignification {unknown}
 L - a potion of ambrosia
 O - a potion of might


   Skills:
 * Level 12.0 Fighting
 + Level 7.5 Axes
 + Level 0.9 Throwing
 + Level 11.0 Armour
 - Level 3.3 Shields
 + Level 1.0 Evocations


You had 9 spell levels left.
You didn't know any spells.
Your spell library contained the following spells:

 Spells                   Type           Power      Damage    Failure   Level
 Call Canine Familiar     Summ           0%         N/A       100%        3
 Dazzling Flash           Conj/Hex       0%         N/A       100%        3
 Ignite Poison            Fire/Tmut/Pois 0%         N/A       100%        3
 Kindle Blastsparks       Fire/Tloc/Air  0%         2d10      100%        3
 Portal Projectile        Hex/Tloc       0%         N/A       100%        3
 Iskenderun's Mystic Bla  Conj/Tloc      0%         2d3       100%        4
 Leda's Liquefaction      Hex/Erth       0%         N/A       100%        4
 Freezing Cloud           Conj/Ice/Air   0%         6-21      100%        5
 Summon Forest            Summ/Tloc      0%         N/A       100%        5
 Conjure Ball Lightning   Conj/Air       0%         3x3d6     100%        6
 Starburst                Conj/Fire      0%         6d3       100%        6


Dungeon Overview and Level Annotations

Branches:
Dungeon (8/15)             Temple (1/1) D:4            Lair (1/5) D:8

Altars:
Ashenzari
Cheibriados
Dithmenos
Elyvilon
Fedhas
Gozag
Hepliaklqana
Kikubaaqudgha
Makhleb
Nemelex Xobeh
Okawaru
Qazlal
Ru
Sif Muna
Trog
Uskayaw
Vehumet
Wu Jian
Xom
Zin
The Shining One

Shops:
D:4 :   D:8 :

Annotations:
D:6 1 runed translucent door, hofbold's ghost, novice OgMo


Message History

There is a staircase back to the Dungeon, spattered with blood here.
The komodo dragon bites you but does no damage.
You climb upwards.
Welcome back to the Dungeon!
There is a staircase to the Lair here.
You slash the komodo dragon!
The komodo dragon is moderately wounded.
The komodo dragon bites you!!
You completely miss the komodo dragon.
The komodo dragon is moderately wounded.
The komodo dragon bites you!! x2
You hit the komodo dragon but do no damage.
The komodo dragon is moderately wounded.
The komodo dragon bites you!
* * * LOW HITPOINT WARNING * * *
Aiming: Fastroot
Press: ? - help, Shift-Dir - straight line The roots erupt in riotous growth!
Roots grab the komodo dragon.
The grasping roots constrict the komodo dragon.
The komodo dragon bites you but does no damage.
The grasping roots constrict the komodo dragon!
The komodo dragon bites you but does no damage.
The grasping roots constrict the komodo dragon.
The roots release their grip on the komodo dragon.
The komodo dragon attacks as you move away!
The komodo dragon bites you but does no damage.
Aiming: Fastroot
Press: ? - help, Shift-Dir - straight line The roots erupt in riotous growth!
Roots grab the komodo dragon.
The grasping roots constrict the komodo dragon.
The komodo dragon bites you but does no damage.
The grasping roots constrict the komodo dragon.
The roots release their grip on the komodo dragon.
The komodo dragon attacks as you move away!
The komodo dragon bites you!
* * * LOW HITPOINT WARNING * * *
The komodo dragon attacks as you move away!
The komodo dragon bites you!!
You die...

#...##.........#>†........
######..########..........
#...#.................
#...#.................
#...#..............##'
#...#..............#..
#...#..............#..
#...#.l............'..
##..'@.............#..
#####..............#..
#..................###
#....#####'##.....##.#
######....#......#.....'...
#.>.......#......'.....#...
#.....#####......#.....#...
#.....#...'......#.....#...
#.....#..##'######.....##'#


You could see a komodo dragon.

Vanquished Creatures
  2 cane toads
  3 komodo dragons (Lair:1)
  A blink frog (Lair:1)
  Sigmund (D:6)
  A wyvern (D:8)
  Eustachio (D:5)
  A basilisk (Lair:1)
  2 ice beasts
  3 orc warriors
  A black bear (D:5)
  2 ogres
  A tengu (D:7)
  A centaur (D:7)
  A phantom (D:5)
  A necrophage (D:6)
  2 bullfrogs
  2 scorpions
  3 wights (D:7)
  3 killer bees
  2 howler monkeys
  A hound (D:5)
  2 orc priests
  3 iguanas
  Ijyb (D:4)
  8 orc wizards
  5 gnolls
  9 adders
  A white imp (D:6)
  A worm (D:2)
  2 dart slugs
  8 orcs
  5 ball pythons
  4 bats
  10 endoplasms
  A giant cockroach (D:3)
  9 goblins
  8 hobgoblins
  5 jackals
  5 frilled lizards
  4 kobolds
  8 rats
134 creatures vanquished.

Vanquished Creatures (others)
  2 fungi (Lair:1)
  12 plants
14 creatures vanquished.

Grand Total: 148 creatures vanquished

Notes
Turn   | Place    | Note
-------+----------+-------------------------------------------
     0 | D:1      | tpederso the Hill Orc Fighter began the quest for the Orb.
     0 | D:1      | Reached XP level 1. HP: 19/19 MP: 1/1
   178 | D:1      | Reached skill level 4 in Fighting
   178 | D:1      | Reached XP level 2. HP: 27/27 MP: 2/2
   593 | D:1      | Reached XP level 3. HP: 34/34 MP: 3/3
  1197 | D:2      | Found a snail-covered altar of Cheibriados.
  1218 | D:2      | Reached skill level 5 in Fighting
  1272 | D:2      | Reached XP level 4. HP: 36/42 MP: 4/4
  1655 | D:3      | Got the Folio of the Countless Loafs
  2039 | D:3      | Found a snail-covered altar of Cheibriados.
  2070 | D:3      | Found a glowing golden altar of the Shining One.
  2446 | D:4      | Found a staircase to the Ecumenical Temple.
  2446 | D:4      | Noticed an ogre
  2461 | D:4      | Killed an ogre
  2462 | D:4      | Reached skill level 6 in Fighting
  2462 | D:4      | Reached XP level 5. HP: 13/50 MP: 5/5
  2626 | D:4      | Found an opulent altar of Gozag.
  2733 | D:4      | Found Tueh's Book Boutique.
  2763 | D:4      | Reached skill level 5 in Armour
  2763 | D:4      | Reached XP level 6. HP: 52/58 MP: 6/6
  2839 | D:4      | Found a bloodstained altar of Trog.
  3049 | Temple   | Entered the Ecumenical Temple
  3145 | D:5      | Entered Level 5 of the Dungeon
  3145 | D:5      | Noticed Ijyb
  3164 | D:4      | Killed Ijyb
  3276 | D:5      | Reached skill level 7 in Fighting
  3282 | D:5      | Noticed Eustachio
  3479 | D:5      | Noticed a black bear
  3487 | D:5      | Killed a black bear
  3488 | D:5      | Reached XP level 7. HP: 59/67 MP: 7/7
  3762 | D:5      | Killed Eustachio
  3763 | D:5      | Reached skill level 8 in Fighting
  4216 | D:5      | Found an ornate altar of the Wu Jian Council.
  4694 | D:6      | Noticed Sigmund
  4696 | D:6      | Reached XP level 8. HP: 29/75 MP: 8/8
  4865 | D:6      | Reached skill level 9 in Fighting
  4993 | D:6      | Killed Sigmund
  5187 | D:6      | Found a runed translucent door.
  5188 | D:6      | Noticed hofbold's ghost (novice OgMo)
  5488 | D:6      | Upgraded the game from 0.30-a0-365-ge7f957f1db to
                  | 0.30-a0-367-g839099abd5
  5488 | D:6      | Upgraded the game from 0.30-a0-367-g839099abd5 to
                  | 0.30-a0-368-g86fb4627a9
  5561 | D:7      | Found a shadowy altar of Dithmenos.
  5739 | D:7      | Found an iron altar of Okawaru.
  5965 | D:7      | Reached skill level 10 in Fighting
  6180 | D:7      | Found a stormy altar of Qazlal.
  6363 | D:8      | Found a hazy altar of Hepliaklqana.
  6406 | D:7      | Reached XP level 9. HP: 81/86 MP: 9/9
  7921 | D:8      | Became a worshipper of Beogh the Brigand
  8024 | D:8      | Found Gusigrau's Self-Improvement Boutique.
  8052 | D:8      | Reached skill level 11 in Fighting
  8837 | D:8      | Found a staircase to the Lair.
  9035 | D:8      | Found a blossoming altar of Fedhas.
  9239 | Lair:1   | Entered Level 1 of the Lair of Beasts
  9258 | Lair:1   | Noticed a komodo dragon
  9268 | Lair:1   | Killed a komodo dragon
  9269 | Lair:1   | Reached skill level 10 in Armour
  9269 | Lair:1   | Reached skill level 1 in Evocations
  9493 | Lair:1   | Reached skill level 5 in Axes
  9666 | Lair:1   | Noticed a cane toad
  9680 | Lair:1   | Killed a cane toad
  9795 | Lair:1   | Noticed a komodo dragon
  9816 | Lair:1   | Killed a komodo dragon
  9817 | Lair:1   | Reached XP level 10. HP: 57/97 MP: 10/10
 10470 | Lair:1   | Noticed a black mamba
 10470 | Lair:1   | Noticed a cane toad
 10706 | D:8      | Reached skill level 12 in Fighting
 10840 | D:8      | Killed a cane toad
 10965 | D:8      | Slain by a komodo dragon

Illustrated notes

Levels and vault maps discovered:
D:1:      minmay_arrival_wavy_path, layout_basic, dreamdust_wishing_well,
          glass_columns_a
D:2:      layout_rooms, basic_altar
D:3:      layout_rooms, marbit_many_paths, tso_oasis_becter
D:4:      layout_basic, nicolae_gozag_cash_rules_everything_around_me,
          trog_antimagical, minmay_temple_entry_drinking_statues, serial_shops,
          shop, kennysheep_cross_bottleneck
D:5:      layout_cave_pods, nzn_wu_jian_council_hall, uniq_eustachio, uniq_ijyb
D:6:      layout_gridville, hellmonk_ghost_happy_afterlife, st_stairs_4,
          uniq_sigmund
D:7:      layout_cave_pools, grunt_qazlal_clouds, okawaru_trees_2,
          nicolae_dithmenos_the_darkroom, serial_glass, glass_columns_a,
          glass_columns_a, glass_columns_a, glass_columns_a, glass_columns_a
D:8:      layout_gridville, nicolae_hepliaklqana_hazy_memory,
          mainiacjoe_overflow_alcove_4, lair_entry_dummy, enter_bailey_5,
          nicolae_shop_self_help
Temple:   minmay_freezing_vapour_temple
Lair:1:   layout_cave_pods

Skill      XL: |  1  2  3  4  5  6  7  8  9 10 |
---------------+-------------------------------+-----
Fighting       | 4 5 6 7 8 10 11 12 | 12.0
Armour         | 4 5 6 8 10 11 | 11.0
Axes           | 6 7 |  7.5
Evocations     | 1 |  1.0
Throwing       | |  0.9
Shields        | |  3.3

Action                   |  1- 3 |  4- 6 |  7- 9 | 10-12 || total
-------------------------+-------+-------+-------+-------++-------
Melee: War axe           |    96 |   121 |   155 |       ||   372
       Battleaxe         |       |       |   156 |    48 ||   204
Throw: Dart              |       |       |     2 |     3 ||     5
Invok: Convert to Beogh  |       |       |     1 |       ||     1
Evoke: Wand              |       |       |     7 |     2 ||     9
  Use: Potion            |       |     5 |     8 |       ||    13
       Scroll            |       |     3 |    11 |     2 ||    16
Armor: Scale mail        |    42 |       |       |       ||    42
       Chain mail        |     7 |    69 |   105 |       ||   181
       Plate armour      |       |       |   207 |    33 ||   240
Dodge: Dodged            |    33 |    33 |   188 |    25 ||   279
Block: Buckler           |    11 |    30 |    28 |       ||    69

Table legend: (Time is in decaauts)
 A = Elapsed time spent in this place.
 B = Non-inter-level travel time spent in this place.
 C = Inter-level travel time spent in this place.
 D = Time resting spent in this place.
 E = Time spent auto-exploring this place.
 F = Levels seen in this place.
 G = Mean time per level.
                   A        B        C        D        E       F      G
               +--------+--------+--------+--------+--------+-----+--------+
         Total |  11185 |  10858 |    327 |   3686 |   4493 |  10 | 1118.5 |
       Dungeon |   9638 |   9311 |    327 |   2829 |   4061 |   8 | 1204.8 |
        Temple |     17 |     17 |      0 |      0 |      0 |   1 |   17.0 |
          Lair |   1528 |   1528 |      0 |    857 |    432 |   1 | 1528.0 |
               +--------+--------+--------+--------+--------+-----+--------+

Top non-repeatable levels by time:
     D:7: 2211 daAuts
     D:8: 1789 daAuts
  Lair:1: 1528 daAuts
     D:5: 1368 daAuts
     D:6: 1017 daAuts
     D:4: 855 daAuts
     D:2: 825 daAuts
     D:1: 792 daAuts
     D:3: 778 daAuts
  Temple: 17 daAuts
